 Dungeon Crawl Stone Soup version 0.29.1-4-g47bece8355 (webtiles) character file.

Game seed: 11018368683879674979

1272 hawla the Frost Mage (level 9, 0/55 (64) HPs)
             Began as a Meteoran Ice Elementalist on Dec 4, 2022.
             Was an Initiate of Vehumet.
             Slain by a wight
             ... wielding a +0 mace
              (1 damage)
             ... on level 6 of the Dungeon.
             The game lasted 00:14:38 (1762 turns).

hawla the Frost Mage (Meteoran Ice Elementalist)    Turns: 1762, Time: 00:14:39

HP:   0/55 (64)     AC:  3    Str: 16    XL:     9   Next: 9%
MP:   19/19         EV: 13    Int: 22    God:    Vehumet [......]
Gold: 272           SH:  0    Dex: 14    Spells: 10/21 levels left

rFire   . . .      SeeInvis .   i - staff of air
rCold   . . .      Faith    .   (no shield)
rNeg    . . .      Spirit   .   a - +1 robe
rPois   .          Reflect  .   (no helmet)
rElec   +          Harm     .   (no cloak)
rCorr   .          Rampage  .   (no gloves)
Will    .....                   (no boots)
Stlth   +.........              (no amulet)
HPRegen 0.18/turn               c - +6 ring of strength
MPRegen 0.16/turn               (no ring)

@: silenced, weak-willed, glowing, heavily drained
A: sense surroundings 2, otherworldly, glowing, explore regen
a: Renounce Religion


You were on level 6 of the Dungeon.
You worshipped Vehumet.
Vehumet was noncommittal.
You visited 2 branches of the dungeon, and saw 7 of its levels.
You also visited: Sewer.

You collected 272 gold pieces.

Inventory:

Armour
 a - a +1 robe (worn)
Magical Staves
 e - a staff of death
 i - a staff of air (weapon)
Jewellery
 c - a +6 ring of strength (left hand)
Scrolls
 g - 3 scrolls of magic mapping
 m - a scroll of silence
 p - a scroll of enchant weapon {unknown}
 r - a scroll of teleportation {unknown}
 s - 3 scrolls of amnesia {unknown}
Potions
 b - a potion of magic
 d - 4 potions of curing
 k - 3 potions of brilliance {unknown}
 l - a potion of heal wounds
 n - 2 potions of invisibility {unknown}
 o - a potion of experience {unknown}
 q - a potion of ambrosia {unknown}


   Skills:
 + Level 1.2 Fighting
 + Level 0.2 Staves
 + Level 3.3 Dodging
 - Level 1.4 Stealth
 + Level 6.6 Spellcasting
 + Level 4.0 Conjurations
 + Level 2.0 Necromancy
 + Level 8.5 Ice Magic
 + Level 2.0 Air Magic
 + Level 2.0 Evocations


You had 10 spell levels left.
You knew the following spells:

 Your Spells              Type           Power      Damage    Failure   Level
a - Freeze                Ice            100%       1d11      1%          1
b - Frozen Ramparts       Ice            88%        1d14      1%          3
c - Hailstorm             Conj/Ice       34%        3d9       6%          4
d - Dazzling Flash        Conj/Hex       32%        N/A       12%         3

Your spell library contained the following spells:

 Spells                   Type           Power      Damage    Failure   Level
 Ozocubu's Armour         Ice            44%        N/A       1%          3
 Agony                    Necr           16%        N/A       71%         5
 Silence                  Hex/Air        8%         N/A       85%         5


Dungeon Overview and Level Annotations

Branches:
Dungeon (6/15) Zot: 2072   Temple (1/1) D:5 Zot: 583   Sewer (visited)

Altars:
Ashenzari
Gozag
Hepliaklqana
Nemelex Xobeh
Okawaru
Qazlal
Sif Muna
Uskayaw
Vehumet
Wu Jian
Xom
Zin
The Shining One

Shops:
D:2 (   D:4 (


Innate Abilities, Weirdness & Mutations

You passively map the area around you.
You are easily found by Zot.
You glow in the dark.
You regain HP and MP as you explore.


Message History

Your Conjurations skill increases to level 4!
Casting: Frozen Ramparts (safe; 1% risk of failure)
Confirm with . or Enter, or press ? or * to list all spells.
Aiming: Freeze (safe; 1% risk of failure)
Press: ? - help, Shift-Dir - straight line, f - wight
Aim: a wight, wielding a +0 mace and wearing a +0 robe (lightly damaged)
You freeze the wight.
The wight resists.
The wight is moderately damaged.
The wight resists.
The wall freezes the wight.
The wight misses you.
Unknown command.
Casting: Freeze (safe; 1% risk of failure)
Confirm with . or Enter, or press ? or * to list all spells.
Aiming: Freeze (safe; 1% risk of failure)
Press: ? - help, Shift-Dir - straight line, f/p - wight
Aim: a wight, wielding a +0 mace and wearing a +0 robe (moderately damaged)
You freeze the wight but do no damage.
The wight completely resists.
The wall freezes the wight but does no damage.
The wight hits you with a +0 mace.
You feel drained.
Unknown command.
As you read the scroll labelled OZIRGH BOSMAV, it crumbles to dust.
Magic quickly surges around you.
It was a scroll of vulnerability.
The wight completely resists.
The wall freezes the wight but does no damage.
The wight misses you.
As you read the scroll labelled SUJEMU PUPOY, it crumbles to dust.
A profound silence engulfs you.
It was a scroll of silence.
The wall freezes the wight but does no damage.
The wight hits you with a +0 mace!
* * * LOW HITPOINT WARNING * * *
You feel drained.
* * * LOW HITPOINT WARNING * * *
Your frozen ramparts will break if you move.
Continue?
The wight attacks as you move away! The wight closely misses you.
The frozen ramparts melt away as you move.
The wight attacks as you move away! The wight misses you.
The wight attacks as you move away! The wight closely misses you.
The wight attacks as you move away! The wight hits you with a +0 mace.
* * * LOW HITPOINT WARNING * * *
You feel drained.
You die...

#.#*#... , *.##.##... *
.#......... * ...##.....
*#..##..... #..#......
#..#.#..## #########
#..#.#....
#......@#######.......##
**
*#.#####.z......†.#.#...
,, *#..#####.....##.# *
, , #..# *#...####.# *
,,*..... *#.### #.. * *
*,..##.## #.# * * ###
#.# #.# ** , #.. ,,..#
*, ** *#.# *#?#


You could see a wight (weak-willed).

Vanquished Creatures
  An ice beast (D:5)
  A black bear (D:4)
  3 kobold brigands (Sewer)
  2 scorpions (D:5)
  2 gnoll sergeants (D:5)
  2 wights (D:6)
  4 hounds
  4 iguanas
  2 orc wizards (D:4)
  Natasha (thrice) (D:4)
  10 gnolls
  4 adders
  A river rat (D:4)
  A white imp (D:5)
  A worm (D:4)
  An orc (D:4)
  3 bats
  An endoplasm (D:4)
  3 giant cockroaches
  A goblin (D:4)
  4 hobgoblins
  6 jackals
  A quokka (D:3)
  10 ball pythons
  3 frilled lizards
  13 kobolds
  8 rats
95 creatures vanquished.

Vanquished Creatures (others)
  4 fungi
  8 plants (Sewer)
  5 toadstools (D:3)
17 creatures vanquished.

Grand Total: 112 creatures vanquished

Notes
Turn   | Place    | Note
-------+----------+-------------------------------------------
     0 | D:1      | hawla the Meteoran Ice Elementalist began the quest for the
                  | Orb.
     0 | D:1      | Reached XP level 1. HP: 14/14 MP: 5/5
   194 | D:2      | Found Liujae's Weapon Shoppe.
   241 | D:2      | Identified the +5 chain mail of Vehumet's Castigation {rF++
                  | rN+ rCorr Dex-3}
   252 | D:2      | Reached XP level 2. HP: 20/20 MP: 4/6
   550 | D:3      | Reached skill level 5 in Ice Magic
   584 | D:3      | Reached XP level 3. HP: 26/26 MP: 5/8
   590 | D:3      | Reached skill level 1 in Necromancy
   590 | D:3      | Reached skill level 1 in Air Magic
   590 | D:3      | Reached skill level 1 in Evocations
   594 | D:3      | Learned a level 3 spell: Frozen Ramparts
   790 | D:4      | Noticed a black bear
   795 | D:4      | Killed a black bear
   796 | D:4      | Reached XP level 4. HP: 24/33 MP: 2/10
   796 | D:4      | Reached XP level 5. HP: 28/38 MP: 2/11
   803 | D:4      | Reached XP level 6. HP: 30/45 MP: 0/12
   804 | D:4      | Noticed Natasha
   816 | D:4      | Killed Natasha
   866 | D:4      | Found a glowing drain.
   875 | Sewer    | Entered a sewer
   903 | Sewer    | Reached skill level 6 in Ice Magic
   920 | Sewer    | Learned a level 4 spell: Hailstorm
  1012 | Sewer    | Reached XP level 7. HP: 42/50 MP: 7/14
  1177 | D:4      | Noticed Natasha
  1182 | D:4      | Killed Natasha
  1183 | D:4      | Reached skill level 1 in Conjurations
  1183 | D:4      | Reached skill level 7 in Ice Magic
  1368 | D:4      | Reached XP level 8. HP: 52/58 MP: 11/16
  1389 | D:4      | Found Sobazxes's Weapon Emporium.
  1397 | D:4      | Noticed Natasha
  1401 | D:4      | Killed Natasha
  1451 | D:5      | Entered Level 5 of the Dungeon
  1516 | D:5      | Reached skill level 5 in Spellcasting
  1589 | D:5      | Found a staircase to the Ecumenical Temple.
  1603 | Temple   | Entered the Ecumenical Temple
  1611 | Temple   | Became a worshipper of Vehumet
  1650 | D:5      | Reached skill level 8 in Ice Magic
  1677 | D:5      | Reached skill level 1 in Fighting
  1726 | D:5      | Learned a level 3 spell: Dazzling Flash
  1733 | D:6      | Gained mutation: You passively map the area around you.
                  | [Meteoran growth]
  1733 | D:6      | Reached XP level 9. HP: 33/64 MP: 7/19
  1755 | D:6      | HP: 1/56 [wight/+0 mace (6)]
  1762 | D:6      | HP: 1/56 [wight/+0 mace (3)]
  1762 | D:6      | Slain by a wight

Illustrated notes

Levels and vault maps discovered:
D:1:      dpeg_arrival_castle, layout_loops_ring,
          chequers_ecumenical_altar_lobes, minmay_worlds_worst_comb
D:2:      layout_rooms, serial_shops, shop, roderic_lattice_a,
          hangedman_decor_riveting, minmay_misc_feat_square, solitary_fountain
D:3:      layout_basic, gammafunk_temple_overflow_claw,
          nicolae_kite_square_tiling_tiny, minmay_gold_behind_fungi,
          hangedman_glass_teeth
D:4:      layout_basic, serial_shops, nicolae_take_the_stairs,
          portal_sewer_entry_e, reono_crystal_passage, uniq_natasha
D:5:      layout_cave_pools, amcnicky_altar_gilded, minmay_temple_entry_wispy,
          serial_gnoll_camp, gnoll_camp_medium_01, gnoll_camp_huts_basic,
          gnoll_camp_mini_hut, gnoll_camp_mini_doghouse,
          chequers_serial_rivers_micro_d, minmay_misc_feat_alley,
          chequers_garden
D:6:      layout_loops_cross, amcnicky_altar_lugonu_corruption
Temple:   nicolae_temple_x_marks_the_god

Skill      XL: |  1  2  3  4  5  6  7  8  9 |
---------------+----------------------------+-----
Ice Magic      | 5 6 7 8 |  8.5
Necromancy     | 2 |  2.0
Air Magic      | 2 |  2.0
Evocations     | 2 |  2.0
Spellcasting   | 3 4 6 |  6.6
Conjurations   | 3 4 |  4.0
Dodging        | 3 |  3.3
Fighting       | 1 |  1.2
Staves         | |  0.2
Stealth        | |  1.4

Action                   |  1- 3 |  4- 6 |  7- 9 || total
-------------------------+-------+-------+-------++-------
Melee: Staff             |     2 |     9 |    25 ||    36
 Cast: Freeze            |    27 |    11 |    28 ||    66
       Frozen Ramparts   |     6 |     7 |    15 ||    28
       Hailstorm         |       |     3 |    17 ||    20
  Use: Scroll            |     6 |       |     6 ||    12
       Potion            |       |       |     2 ||     2
Armor: Robe              |     6 |     5 |    14 ||    25
Dodge: Dodged            |     7 |    16 |    48 ||    71
